 Dungeon Crawl Stone Soup version 0.20.0-8-g6b59dc7 (webtiles) character file.

33 MTVSty1e the Ruffian (level 3, -1/29 HPs)
             Began as a Draconian Transmuter on June 1, 2017.
             Was an Initiate of Makhleb.
             Slain by an adder (5 damage)
             ... on level 2 of the Dungeon.
             The game lasted 00:02:18 (1414 turns).

MTVSty1e the Ruffian (Draconian Transmuter)         Turns: 1414, Time: 00:02:21

Health: -1/29      AC:  5    Str: 12    XL:     3   Next: 12%
Magic:  5/6        EV: 12    Int: 14    God:    Makhleb [......]
Gold:   72         SH:  0    Dex: 11    Spells: 2/6 levels left

rFire    . . .     SeeInvis .     - Unarmed
rCold    . . .     Gourm    .   (no shield)
rNeg     + . .     Faith    .   (armour unavailable)
rPois    .         Spirit   .   (helmet restricted)
rElec    .         Reflect  .   (no cloak)
rCorr    .         Harm     .   (no gloves)
MR       .....                  (no boots)
Stlth    +.........             (no amulet)
Regen    0.1/turn               e - ring of positive energy
MPRegen  0.1/turn               (no ring)

@: lethally poisoned (-1 -> -13), appendage, very slightly contaminated
A: unfitting armour, horns 2, cold-blooded, AC +5
a: End Transformation, Renounce Religion


You were on level 2 of the Dungeon.
You worshipped Makhleb.
Makhleb was noncommittal.
You were not hungry.
You had grown temporary horns.
You visited 1 branch of the dungeon, and saw 2 of its levels.

You collected 72 gold pieces.

Inventory:

Missiles
 a - 47 arrows
Jewellery
 e - a ring of positive energy (left hand)
 l - a +2 ring of intelligence {unknown}
Scrolls
 d - 2 scrolls of magic mapping {unknown}
 f - 2 scrolls of teleportation {unknown}
 i - a scroll of identify {unknown}
Potions
 g - a potion of curing {unknown}
 j - a potion of lignification {unknown}
 k - a potion of invisibility {unknown}
Books
 b - a book of Changes

   Spells                             Type                      Level
   a - Beastly Appendage              Transmutation                1
   b - Sticks to Snakes               Transmutation                2
   c - Spider Form                    Transmutation/Poison         3
   d - Ice Form                       Ice/Transmutation            4
   e - Blade Hands                    Transmutation                5
Comestibles
 c - a bread ration
 h - 5 fruits


   Skills:
 + Level 2.0 Fighting
 + Level 1.8 Dodging
 * Level 3.9 Unarmed Combat
 + Level 2.0 Spellcasting
 + Level 2.0 Transmutations


You had 2 spell levels left.
You knew the following spells:

 Your Spells              Type           Power        Failure   Level  Hunger
a - Beastly Appendage     Tmut           #.....       11%         1    ##.....
b - Spider Form           Tmut/Pois      #.........   43%         3    ####...


Dungeon Overview and Level Annotations

Branches:
Dungeon (2/15)

Altars:
Makhleb
Vehumet


Innate Abilities, Weirdness & Mutations

Your plain brown scales are hard. (AC +5)
You cannot fit into any form of body armour.
You are cold-blooded and may be slowed by cold attacks.
You have a pair of horns on your head.


Message History

You feel sick. The adder bites you.
* * * LOW HITPOINT WARNING * * *
You are more poisoned.
The adder poisons you!
You closely miss the adder.
The adder is almost dead.
* * * LOW HITPOINT WARNING * * *
You feel sick. The adder bites you but does no damage.
You closely miss the adder.
The adder is almost dead.
* * * LOW HITPOINT WARNING * * *
You feel sick. The adder closely misses you.
Casting: Beastly Appendage
Confirm with . or Enter, or press ? or * to list all spells.
You grow a pair of large bovine horns.
* * * LOW HITPOINT WARNING * * *
You feel sick. The adder bites you.
* * * LOW HITPOINT WARNING * * *
The adder bites you.
You die...

####.....#....
#..###..... #<.# #.....
# ####..# #..... ###.
#####.....# #.....
##...##...#.##.## #.....
#...........##.# ##....
.........)..##.# #.....
......S@....##.# #.....
............##.# ##.....
#..........###.###......
##........## #.##...)...
###..##### #.....#....
#.# #...####...
....########..## ####
........<.....#
...###########


You could see an adder.

Vanquished Creatures
  An ooze (D:1)
  2 dart slugs (D:1)
  A leopard gecko (D:1)
  A giant cockroach (D:1)
  2 goblins (D:1)
  8 hobgoblins
  3 bats
  2 kobolds
  3 rats
23 creatures vanquished.

Notes
Turn   | Place    | Note
-------+----------+-------------------------------------------
     0 | D:1      | MTVSty1e the Draconian Transmuter began the quest for the Orb.
     0 | D:1      | Reached XP level 1. HP: 16/16 MP: 3/3
   222 | D:1      | Reached XP level 2. HP: 8/24 MP: 3/5
  1209 | D:2      | Reached XP level 3. HP: 29/29 MP: 4/6
  1283 | D:2      | Learned a level 3 spell: Spider Form
  1341 | D:2      | Found a burning altar of Makhleb.
  1341 | D:2      | Found a radiant altar of Vehumet.
  1379 | D:2      | Became a worshipper of Makhleb the Destroyer
  1414 | D:2      | Slain by an adder

Skill      XL: |  1  2 |
---------------+-------+-----
Fighting       | 2 |  2.0
Dodging        | |  1.8
Unarmed Combat | |  3.9
Spellcasting   | |  2.0
Transmutations | |  2.0

Action                   || total
-------------------------++-------
Melee: Unarmed           ||    83
       Kick              ||     4
       Tailslap          ||     4
       Headbutt          ||     2
       Punch             ||     2
 Cast: Beastly Appendage ||    16
  Eat: Bread ration      ||     1
Armor: Skin              ||    27
Dodge: Dodged            ||    35
